 Dungeon Crawl Stone Soup version 0.27.1 (webtiles) character file.

Game seed: 7713029984432149738

33 hawla the Grave Robber (level 3, 0/20 HPs)
             Began as a Deep Elf Necromancer on Sept 3, 2021.
             Succumbed to a scorpion's poison
             ... on level 2 of the Dungeon.
             The game lasted 00:04:30 (1390 turns).

hawla the Grave Robber (Deep Elf Necromancer)       Turns: 1390, Time: 00:04:30

Health: 0/20       AC:  2    Str:  5    XL:     3   Next: 12%
Magic:  7/9        EV: 13    Int: 20    God:
Gold:   133        SH:  0    Dex: 15    Spells: 7/8 levels left

rFire    . . .     SeeInvis .   h - +1 club
rCold    . . .     Faith    .   (no shield)
rNeg     . . .     Spirit   .   a - +0 robe
rPois    .         Reflect  .   (no helmet)
rElec    .         Harm     .   (no cloak)
rCorr    .         Rampage  .   (no gloves)
Will     .....                  (no boots)
Stlth    ++........             (no amulet)
HPRegen  0.06/turn              (no ring)
MPRegen  0.11/turn              (no ring)

@: mighty, lethally poisoned (0 -> -8)
A: no striking features
a: no special abilities


You were on level 2 of the Dungeon.
You visited 1 branch of the dungeon, and saw 2 of its levels.

You collected 133 gold pieces.

Inventory:

Hand Weapons
 h - a +1 club (weapon)
Armour
 a - a +0 robe (worn)


   Skills:
 + Level 1.1 Fighting
 + Level 3.1 Dodging
 + Level 3.1 Stealth
 - Level 3.0 Spellcasting
 - Level 5.0 Necromancy


You had 7 spell levels left.
You knew the following spells:

 Your Spells              Type           Power      Damage    Failure   Level
a - Pain                  Necr           92%        1d8       1%          1

Your spell library contained the following spells:

 Spells                   Type           Power      Damage    Failure   Level
 Animate Skeleton         Necr           46%        N/A       1%          1
 Vampiric Draining        Necr           11%        2d7       5%          3
 Animate Dead             Necr           11%        N/A       19%         4
 Agony                    Necr           23%        N/A       45%         5


Dungeon Overview and Level Annotations

Branches:
Dungeon (2/15)

Altars:


Message History

A jackal comes into view.
You have reached level 3!
Your experience leads to an increase in your attributes!
Increase (S)trength, (I)ntelligence, or (D)exterity?
You feel clever.
A scorpion comes into view.
The jackal bites you.
You aren't carrying any scrolls.
Okay, then.
You hit the endoplasm.
The endoplasm is heavily wounded.
The jackal closely misses you. The endoplasm misses you.
You hit the endoplasm.
The endoplasm is almost dead.
The jackal barely misses you. The jackal bites you. The endoplasm freezes you.
You are frozen.
The jackal barely misses you.
The jackal bites you but does no damage.
The scorpion closely misses you. The endoplasm hits you.
* * * LOW HITPOINT WARNING * * *
You feel much better. The jackal bites you. x2
The scorpion stings you but does no damage.
The jackal bites you but does no damage.
The endoplasm barely misses you.
It was a potion of might.
You feel very mighty all of a sudden. The jackal barely misses you.
The scorpion misses you. The jackal bites you. x2
The endoplasm freezes you.
You are frozen.
You hit the endoplasm.
You kill the endoplasm!
The jackal misses you. The jackal closely misses you. The scorpion stings you.
You are lethally poisoned!
The scorpion poisons you! The jackal misses you. The jackal bites you.
* * * LOW HITPOINT WARNING * * *
The scorpion stings you.
* * * LOW HITPOINT WARNING * * *
You sock the jackal!
You kill the jackal!
You die...

..............##.##.#.#
.......#.......##......#
.......#.......##.##.###
.......#.......##.##.#
.......######+###.##.#
....... #.###.##.#
..<.... .#..(..##.#
......s####.########.#
#@h......# #.#
#.S......# #.###
#........# #....
#........# #####
#........#
#######........#
.............(.#########
..$......##.............
.........###############


You could see a scorpion, a jackal and a ball python.

Vanquished Creatures
  An adder (D:2)
  2 dart slugs (D:1)
  An endoplasm (D:2)
  A giant cockroach (D:1)
  A goblin (D:1)
  2 hobgoblins (D:1)
  A jackal (D:2)
  3 kobolds (D:1)
  A quokka (D:1)
  2 ball pythons (D:1)
  3 bats (D:1)
  A frilled lizard (D:1)
  3 rats (D:1)
22 creatures vanquished.

Notes
Turn   | Place    | Note
-------+----------+-------------------------------------------
     0 | D:1      | hawla the Deep Elf Necromancer began the quest for the Orb.
     0 | D:1      | Reached XP level 1. HP: 10/10 MP: 6/6
    31 | D:1      | You fall into a shaft and drop 1 floor!
   452 | D:1      | Reached skill level 5 in Necromancy
   452 | D:1      | Reached XP level 2. HP: 13/16 MP: 5/8
   879 | D:1      | Reached skill level 1 in Fighting
  1377 | D:2      | Reached XP level 3. HP: 17/20 MP: 5/9
  1383 | D:2      | Noticed a scorpion
  1390 | D:2      | Succumbed to a scorpion's poison

Illustrated notes

Levels and vault maps discovered:
D:1:      psy_arrival_basics, layout_basic
D:2:      layout_basic, basic_altar, minmay_lizard_pond

Skill      XL: |  1  2 |
---------------+-------+-----
Necromancy     | 5 |  5.0
Stealth        | 3 |  3.1
Dodging        | 3 |  3.1
Fighting       | 1 |  1.1
Spellcasting   | |  3.0

Action                   || total
-------------------------++-------
Melee: Club              ||     4
 Cast: Pain              ||    32
  Use: Scroll            ||     4
       Potion            ||     2
Armor: Robe              ||     6
Dodge: Dodged            ||    12
